 Dungeon Crawl Stone Soup version 0.28-a0-1199-gef9e1dbd39 (webtiles) character file.

Game seed: 13192584461322745976

1759 blank1 the Fighter (level 8, -9/78 HPs)
             Began as a Minotaur Fighter on Dec 20, 2021.
             Was a Follower of Okawaru.
             Mangled by a gnoll (10 damage)
             ... on level 4 of the Dungeon.
             The game lasted 00:08:51 (5612 turns).

blank1 the Fighter (Minotaur Fighter)               Turns: 5612, Time: 00:08:51

Health: -9/78      AC: 11    Str: 22    XL:     8   Next: 79%
Magic:  9/9        EV: 13    Int:  5    God:    Okawaru [*.....]
Gold:   261        SH:  4    Dex: 11    Spells: 7/7 levels left

rFire   . . .      SeeInvis .   a - +0 long sword
rCold   . . .      Faith    .   c - +0 buckler
rNeg    . . .      Spirit   .   k - +0 chain mail
rPois   .          Reflect  .   (helmet restricted)
rElec   .          Harm     .   (no cloak)
rCorr   .          Rampage  .   h - +0 pair of gloves
Will    .....                   (no boots)
Stlth   ..........              (no amulet)
HPRegen 0.23/turn               n - +4 ring of evasion
MPRegen 0.11/turn               (no ring)

@: lethally poisoned (-9 -> -18), attractive
A: horns 2, retaliatory headbutt
a: Renounce Religion, Heroism


You were on level 4 of the Dungeon.
You worshipped Okawaru.
Okawaru was aware of your devotion.
You visited 2 branches of the dungeon, and saw 7 of its levels.

You collected 261 gold pieces.

Inventory:

Hand Weapons
 a - a +0 long sword (weapon)
Missiles
 f - 2 throwing nets (quivered)
Armour
 c - a +0 buckler (worn)
 h - a +0 pair of gloves (worn)
 k - a +0 chain mail (worn)
Jewellery
 n - a +4 ring of evasion (left hand)
Scrolls
 b - 2 scrolls of magic mapping
 d - 4 scrolls of identify {unknown}
 g - a scroll of fog {unknown}
 m - 4 scrolls of fear {unknown}
 o - a scroll of enchant armour {unknown}
 p - a scroll of amnesia {unknown}
 s - a scroll of teleportation {unknown}
 v - a scroll of blinking {unknown}
 x - a scroll of acquirement {unknown}
Potions
 e - 3 potions of attraction
 i - a potion of heal wounds {unknown}
 j - 4 potions of mutation {unknown}
 l - a potion of ambrosia {unknown}
 q - 2 potions of haste {unknown}
 r - a potion of cancellation {unknown}
 t - a potion of might
 u - a potion of flight {unknown}
 w - a potion of curing {unknown}


   Skills:
 + Level 9.0 Fighting
 + Level 9.0 Long Blades
 - Level 5.0 Armour
 - Level 3.0 Dodging
 - Level 4.0 Shields
 - Level 3.0 Invocations


You had 7 spell levels left.
You didn't know any spells.
Your spell library contained the following spells:

 Spells                   Type           Power      Damage    Failure   Level
 Foxfire                  Conj/Fire      0%         2x1d4     99%         1
 Pain                     Necr           0%         1d4       99%         1
 Passwall                 Tmut/Erth      0%         N/A       99%         2
 Conjure Flame            Conj/Fire      0%         6-21      100%        3
 Inner Flame              Hex/Fire       0%         N/A       100%        3
 Swiftness                Air            0%         N/A       100%        3
 Vampiric Draining        Necr           0%         2d6       100%        3
 Flame Wave               Conj/Fire      0%         2d4       100%        4
 Freezing Cloud           Conj/Ice/Air   0%         6-21      100%        5
 Polar Vortex             Ice            0%         N/A       100%        9
 Animate Skeleton         Necr           Unusable   N/A       N/A         1
 Simulacrum               Ice/Necr       Unusable   N/A       N/A         6

Dungeon Overview and Level Annotations

Branches:
Dungeon (6/15)             Temple (1/1) D:5

Altars:
Ashenzari
Cheibriados
Dithmenos
Fedhas
Gozag
Hepliaklqana
Kikubaaqudgha
Makhleb
Nemelex Xobeh
Okawaru
Qazlal
Ru
Sif Muna
Trog
Uskayaw
Vehumet
Xom
Yredelemnul
The Shining One

Annotations:
D:4 bearlyready's ghost, amateur DrVM


Innate Abilities, Weirdness & Mutations

You have a pair of horns on your head.
You reflexively headbutt those who attack you in melee.


Message History

You are more poisoned.
You hit the gnoll but do no damage.
The gnoll is heavily wounded.
You feel extremely sick. The gnoll misses you. You furiously retaliate!
You headbutt the gnoll.
The gnoll hits you from afar with a +2 halberd of venom.
You slash the gnoll!
You kill the gnoll!
Okawaru accepts your kill.
You feel extremely sick. The gnoll closely misses you.
Your Long Blades skill increases to level 9!
You are too injured to fight recklessly!
You are too injured to fight recklessly!
You are too injured to fight recklessly!
You feel very sick.
The gnoll hits you from afar with a +2 halberd of venom.
* * * LOW HITPOINT WARNING * * *
You are lethally poisoned!
There is a transporter landing site, spattered with blood here.
* * * LOW HITPOINT WARNING * * *
You feel extremely sick. The gnoll closely misses you.
* * * LOW HITPOINT WARNING * * *
You feel very sick. The gnoll closely misses you.
There is an open translucent door here.
Things that are here:
a +0 club; a wand of flame (20)
* * * LOW HITPOINT WARNING * * *
You feel very sick.
You see here a +0 club.
* * * LOW HITPOINT WARNING * * *
You feel very sick.
It was a potion of attraction.
You feel attractive to monsters.
* * * LOW HITPOINT WARNING * * *
You feel very sick.
The gnoll hits you from afar with a +2 halberd of venom!
You die...

#.≈≈#...#.###.©.###.#W.W#≈≈.#####
#.≈≈#...###.#####.###.W.#≈≈.# #
#.≈≈###...............###≈≈.# #
#.≈≈.8#.######)###'##.#8.≈≈.# #
#.≈≈.##g#..,#8).#...#.##.≈≈.# #
#.≈≈.#gW'.,,#⌠©.g...'..#.≈≈.# #
#.≈≈.##g#.,,#8..#...#.##.≈≈.#####
#.≈≈.8#.######)###g##.#8.≈≈......
..≈≈###........)@.....###≈≈.####.
..≈≈#...###.#####©###...#≈≈....#.
..≈≈#..g#.###.©.###.#...#≈≈......
..≈≈#####...........#####≈≈......
..≈≈≈≈≈≈≈≈≈≈≈≈≈≈≈≈≈≈≈≈≈≈≈≈≈......
..≈≈≈≈≈≈≈≈≈≈≈≈≈≈≈≈≈≈≈≈≈≈≈≈≈......
...............................#.
..#.#####...#..##.##########<..#.
#...# #.##.#..).# ######


You could see a gnoll.

Vanquished Creatures
  Sigmund (D:4)
  The ghost of Aarinfel the Cudgeller, an amateur GrGl (D:3)
  3 black bears (D:4)
  A sky beast (D:6)
  3 ogres
  A phantom (D:5)
  A bullfrog (D:5)
  2 scorpions
  A water moccasin zombie (D:5)
  2 water moccasin skeletons
  A bullfrog zombie (D:5)
  2 jellies (D:5)
  3 hounds (D:5)
  A gnoll shaman (D:4)
  2 iguanas
  An orc wizard (D:3)
  A scorpion simulacrum (D:3)
  A howler monkey zombie (D:6)
  4 gnolls (D:4)
  5 adders
  A white imp (D:5)
  2 ufetubi (D:5)
  An adder skeleton (D:4)
  3 worms (D:2)
  An adder simulacrum (D:3)
  11 orcs
  A ball python (D:4)
  3 bats
  3 endoplasms
  2 giant cockroaches
  5 hobgoblins
  6 kobolds
  3 quokkas
  A ball python simulacrum (D:3)
  3 frilled lizards
  7 goblins
  A jackal simulacrum (D:3)
  A quokka simulacrum (D:3)
  2 rats (D:2)
94 creatures vanquished.

Vanquished Creatures (others)
  6 plants (D:4)
6 creatures vanquished.

Grand Total: 100 creatures vanquished

Notes
Turn   | Place    | Note
-------+----------+-------------------------------------------
     0 | D:1      | blank1 the Minotaur Fighter began the quest for the Orb.
     0 | D:1      | Reached XP level 1. HP: 19/19 MP: 0/0
   331 | D:1      | Reached XP level 2. HP: 20/27 MP: 1/1
   549 | D:2      | Noticed a scorpion
   559 | D:2      | Killed a scorpion
   560 | D:2      | Reached skill level 1 in Dodging
   560 | D:2      | Reached XP level 3. HP: 4/33 MP: 2/2
   560 | D:2      | Reached XP level 4. HP: 4/40 MP: 3/3
  1833 | D:3      | Reached XP level 5. HP: 9/47 MP: 4/4
  2194 | D:3      | Found a runed translucent gate.
  2194 | D:3      | Found a runed translucent gate.
  2194 | D:3      | Found a runed translucent gate.
  2409 | D:3      | Noticed Aarinfel's ghost (amateur GrGl)
  3036 | D:3      | Killed Aarinfel's ghost
  3037 | D:3      | Reached skill level 5 in Fighting
  3037 | D:3      | Reached skill level 5 in Long Blades
  3037 | D:3      | Reached XP level 6. HP: 30/56 MP: 5/5
  3293 | D:4      | Noticed Sigmund
  3311 | D:4      | Killed Sigmund
  3312 | D:4      | Reached skill level 5 in Armour
  3312 | D:4      | Reached XP level 7. HP: 60/63 MP: 6/6
  3410 | D:4      | Found a radiant altar of Vehumet.
  3417 | D:4      | Found a glowing golden altar of the Shining One.
  3501 | D:4      | Found a blossoming altar of Fedhas.
  3663 | D:4      | Found a transporter.
  3857 | D:4      | Found a transporter.
  3889 | D:4      | Noticed bearlyready's ghost (amateur DrVM)
  4345 | D:5      | Entered Level 5 of the Dungeon
  4515 | D:5      | Reached XP level 8. HP: 74/74 MP: 7/7
  4519 | D:5      | Found a staircase to the Ecumenical Temple.
  4528 | Temple   | Entered the Ecumenical Temple
  4684 | Temple   | Became a worshipper of Warmaster Okawaru
  4826 | D:5      | Reached skill level 1 in Invocations
  5000 | D:5      | Reached * piety under Okawaru
  5611 | D:4      | HP: 3/78 [poisoned by a gnoll]
  5612 | D:4      | HP: 1/78 [poisoned by a gnoll]
  5612 | D:4      | Mangled by a gnoll

Illustrated notes

Levels and vault maps discovered:
D:1:      dpeg_arrival_tiny_h, layout_rooms
D:2:      layout_loops_ring, hangedman_decor_lopped
D:3:      layout_basic, gammafunk_ghost_icy
D:4:      layout_loops_ring, fedhas_altar_fruit_tree,
          mainiacjoe_overflow_big_doors, gammafunk_ghost_gnarly_gnolls,
          uniq_sigmund
D:5:      layout_loops_ring, minmay_temple_entry_poolview
D:6:      layout_loops_cross, ebering_ghost_inner_flame, corexii_shack,
          chequers_serial_rivers_room_a, uniq_pikel, uniq_eustachio
Temple:   regret_index_temple_sphere_string

Skill      XL: |  1  2  3  4  5  6  7  8 |
---------------+-------------------------+-----
Fighting       | 4 5 6 7 9 |  9.0
Long Blades    | 3 4 5 6 7 9 |  9.0
Armour         | 4 5 |  5.0
Dodging        | 1 2 3 |  3.0
Shields        | 4 |  4.0
Invocations    | 3 |  3.0

Action                   |  1- 3 |  4- 6 |  7- 9 || total
-------------------------+-------+-------+-------++-------
Melee: Long sword        |    28 |   127 |   128 ||   283
       Headbutt          |     2 |    28 |    27 ||    57
  Use: Potion            |       |     1 |     1 ||     2
       Scroll            |       |     1 |       ||     1
Armor: Scale mail        |    13 |     6 |       ||    19
       Chain mail        |       |    35 |    60 ||    95
Dodge: Dodged            |    11 |    45 |    85 ||   141
Block: Buckler           |     7 |    16 |    29 ||    52

Table legend: (Time is in decaauts)
 A = Elapsed time spent in this place.
 B = Non-inter-level travel time spent in this place.
 C = Inter-level travel time spent in this place.
 D = Time resting spent in this place.
 E = Time spent auto-exploring this place.
 F = Levels seen in this place.
 G = Mean time per level.
                   A        B        C        D        E       F      G
               +--------+--------+--------+--------+--------+-----+--------+
         Total |   5650 |   5308 |    342 |   1177 |   3180 |   7 |  807.1 |
       Dungeon |   5468 |   5150 |    318 |   1177 |   3045 |   6 |  911.3 |
        Temple |    181 |    157 |     24 |      0 |    135 |   1 |  181.0 |
               +--------+--------+--------+--------+--------+-----+--------+

Top non-repeatable levels by time:
     D:3: 1472 daAuts
     D:4: 1275 daAuts
     D:2: 922 daAuts
     D:5: 916 daAuts
     D:1: 828 daAuts
  Temple: 181 daAuts
     D:6: 53 daAuts
